Map: Cerulean Fall LE

Players

MeinFloW - Winner!

  • Race: Zerg Zerg
  • League: Diamond
  • Spawn Location: 7:00

auge

  • Race: Zerg Zerg
  • League: Diamond
  • Spawn Location: 1:00

VOD

Have the link to the VOD?

Description

Time

  • Played on: Sept. 7, 2018, 2:45 p.m.
  • Length: 16:35
Show
View Real Time Build Order
Export as new Build Order

MeinFloW Zerg - Winner!

Build Orders: Pool First 

Get SALT Encoding   

  12  0:01  Drone  
  13  0:12  Drone  
  14  0:17  Overlord  
  14  0:36  Drone x2  
  14  0:37  Drone  
  17  0:50  Extractor  
  17  0:53  Drone, Spawning Pool  
  16  0:59  Drone  
  17  1:18  Hatchery  
  16  1:20  Drone  
  16  1:23  Drone  
  18  1:34  Drone  
  19  1:40  Queen  
  19  1:42  Overlord  
  21  1:54  Zergling x2  
  22  2:05  Zergling x2  
  23  2:17  Zergling x2  
  23  2:19  Metabolic Boost  
  23  2:20  Queen  
  26  2:28  Zergling x2  
  27  2:31  Drone  
  27  2:33  Queen  
  27  2:36  Drone  
  31  2:44  Drone  
  31  2:46  Baneling Nest  
  31  2:52  Drone x3  
  31  2:56  Overlord  
  34  3:07  Drone x2  
  36  3:14  Overlord  
  36  3:26  Hatchery  
  35  3:29  Overlord  
  35  3:32  Drone  
  32  3:49  Roach Warren  
  32  3:50  Drone x3  
  32  3:51  Evolution Chamber  
  33  3:57  Lair  
  33  4:06  Drone x3  
  33  4:08  Drone x2  
  38  4:11  Drone  
  39  4:29  Drone x6  
  45  4:35  Overlord x2  
  45  4:37  Extractor  
  44  4:39  Drone x4  
  44  4:43  Zerg Missile Weapons Level 1  
  48  4:47  Extractor  
  47  4:56  Overlord  
  47  4:57  Overlord  
  47  5:02  Drone  
  47  5:03  Drone x5  
  53  5:11  Roach x2  
  53  5:12  Roach x2  
  59  5:15  Roach  
  59  5:17  Zergling x2  
  61  5:25  Zergling x8  
  62  5:36  Zergling x6  
  65  5:47  Zergling x6  
  65  5:57  Zergling x6  
  67  6:16  Hatchery  
  66  6:26  Roach Warren  
  66  6:32  Roach Warren  
  65  6:35  Zergling x16  
  71  6:54  Lair  
  71  7:01  Extractor  
  70  7:12  Roach x2  
  68  7:45  Roach  
  68  7:46  Overlord x3, Roach x2  
  71  7:51  Glial Reconstitution  
  71  7:54  Roach x2  
  70  8:03  Hatchery  
  69  8:06  Roach  
  69  8:07  Roach x6  
  69  8:08  Overlord  
  69  8:12  Drone x3  
  86  8:21  Evolution Chamber  
  85  8:34  Roach x7  
  97  8:41  Zerg Missile Weapons Level 2  
  97  8:42  Roach  
  97  8:43  Roach x3  
  97  8:45  Overlord  
  97  8:46  Overlord x2  
  97  8:48  Drone  
  106  8:52  Zerg Ground Armor Level 1  
  106  9:03  Queen, Overlord x2  
  108  9:11  Drone  
  108  9:12  Drone x7  
  116  9:19  Hydralisk Den  
  116  9:23  Roach x7  
  125  9:33  Roach x4  
  133  9:43  Roach  
  133  9:44  Roach x5  
  142  9:51  Roach x3  
  142  9:52  Roach  
  147  10:24  Spore Crawler  
  147  10:25  Spore Crawler  
  147  10:26  Hydralisk  
  147  10:27  Hydralisk x4  
  147  10:28  Spore Crawler x3  
  148  10:30  Spore Crawler  
  148  10:31  Spore Crawler  
  148  10:32  Spore Crawler x2  
  148  10:34  Spore Crawler  
  117  10:47  Hydralisk  
  117  10:48  Hydralisk x5  
  91  10:58  Hydralisk x3  
  75  11:13  Hydralisk  
  75  11:14  Hydralisk x3  
  81  11:36  Hydralisk x4  
  89  11:42  Extractor  
  86  11:49  Hydralisk x3  
  92  11:57  Hydralisk x2  
  78  12:10  Hydralisk x2  
  78  12:11  Hydralisk  
  82  12:21  Grooved Spines  
  82  12:42  Extractor  
  81  12:45  Overlord  
  81  12:53  Drone x4, Hatchery  
  81  12:54  Drone x3  
  81  12:57  Hydralisk  
  81  12:58  Hydralisk x4  
  91  12:59  Hydralisk  
  99  13:18  Hydralisk x3  
  105  13:27  Hydralisk x2  
  105  13:33  Muscular Augments  
  109  13:36  Hydralisk x2  
  113  13:50  Lurker Den  
  112  13:59  Zergling x2  
  112  14:00  Zergling x20  
  119  14:13  Zerg Ground Armor Level 2  
  119  14:17  Drone x2  
  119  14:18  Drone x2  
  123  14:32  Hydralisk x3  
  123  14:33  Hydralisk  
  128  14:59  Hydralisk x5  
  127  15:04  Overlord x3  
  135  15:11  Overlord  
  135  15:21  Queen  
  135  15:23  Lurker x2  
  135  15:24  Lurker x5  
  144  15:33  Lurker  
  145  15:45  Hydralisk  
  145  15:46  Hydralisk x5  
  157  15:50  Drone x2  
  159  16:03  Hydralisk x4  
  163  16:06  Drone  
  163  16:07  Drone  
Show
View Real Time Build Order
Export as new Build Order

auge Zerg 

Build Orders: Hatch First 

Get SALT Encoding   

  12  0:01  Drone  
  13  0:08  Drone  
  14  0:17  Overlord  
  14  0:28  Extractor x2, Drone  
  14  0:30  Drone  
  14  0:35  Drone  
  17  0:47  Drone  
  18  0:58  Hatchery  
  18  1:02  Drone, Extractor  
  17  1:07  Drone  
  18  1:19  Spawning Pool  
  18  1:22  Drone  
  18  1:28  Drone  
  19  1:39  Drone  
  20  1:50  Drone  
  21  1:59  Overlord  
  21  2:09  Queen  
  21  2:10  Queen  
  21  2:14  Drone  
  26  2:16  Drone  
  27  2:25  Drone  
  28  2:37  Spine Crawler  
  28  2:41  Drone x3  
  30  2:45  Queen  
  30  2:46  Queen  
  34  2:54  Drone x2  
  36  3:08  Roach Warren  
  35  3:18  Evolution Chamber  
  35  3:19  Evolution Chamber  
  33  3:32  Overlord x2  
  33  3:33  Overlord  
  31  3:48  Roach  
  31  3:49  Roach  
  35  3:56  Spine Crawler  
  34  4:04  Roach x7  
  34  4:05  Roach x2  
  52  4:18  Roach x2  
  52  4:20  Zerg Missile Weapons Level 1  
  56  4:47  Drone x3  
  56  4:48  Drone  
  56  4:51  Overlord x3, Extractor  
  59  4:53  Lair  
  59  5:05  Extractor  
  58  5:08  Extractor  
  57  5:40  Roach x4  
  53  5:57  Roach x4  
  51  6:08  Drone x4  
  55  6:12  Drone x5  
  60  6:21  Roach  
  62  6:34  Roach  
  62  6:35  Roach x2  
  68  6:46  Roach x6  
  80  6:55  Glial Reconstitution  
  80  6:56  Drone  
  80  6:57  Drone  
  82  7:04  Queen  
  82  7:05  Overlord x2  
  84  7:13  Zerg Missile Weapons Level 2  
  78  7:52  Spine Crawler  
  78  7:54  Spine Crawler  
  78  7:56  Queen  
  78  7:57  Spine Crawler  
  77  8:04  Drone x2  
  77  8:05  Drone x2  
  81  8:06  Drone x2  
  83  8:14  Spire  
  83  8:18  Drone x2  
  84  8:49  Overlord x2  
  84  9:28  Mutalisk  
  84  9:29  Mutalisk x12  
  96  10:17  Mutalisk x5  
  88  10:38  Zergling x10  
  88  10:39  Zergling x8  
  86  10:51  Roach  
  86  10:52  Roach x3  
  85  10:58  Queen  
  86  11:06  Evolution Chamber  
  85  11:19  Drone  
  85  11:20  Drone x5  
  91  11:29  Roach  
  91  11:30  Roach  
  95  11:33  Hatchery  
  90  12:13  Roach  
  90  12:14  Roach x10  
  112  12:31  Zerg Ground Armor Level 1  
  112  12:45  Queen  
  112  12:47  Drone  
  112  12:48  Drone x5  
  120  13:01  Roach  
  120  13:05  Overlord x2  
  122  13:15  Overseer  
  122  13:23  Drone x8  
  130  13:31  Spine Crawler  
  129  13:34  Spine Crawler  
  122  14:06  Zergling x6  
  122  14:07  Baneling Nest, Zergling x24  
  136  14:10  Metabolic Boost  
  136  14:23  Zergling x4  
  138  14:25  Overlord x3  
  138  14:47  Drone x4  
  142  15:05  Zergling x14  
  142  15:06  Zergling x10  
  154  15:11  Evolution Chamber  
  153  15:23  Spine Crawler  
  152  15:28  Overlord  
  152  15:29  Overlord x4  
  152  15:32  Baneling  
  152  15:33  Baneling x4  
  152  15:35  Baneling x2  
  152  15:36  Baneling  
  152  15:41  Infestation Pit  
  151  16:01  Roach  
  151  16:02  Roach x7  
Tags
 
Add a new tag
Caveats
  • Supply blocks, unpowered buildings, or Contaminate may cause inaccurate times.
  • Supply counts are checked every 10 seconds.